 Dungeon Crawl Stone Soup version 0.27.1-3-gb3d3a73c9e (webtiles) character file.

Game seed: 10409549288124177017

41505 Urokeeper the Covert (level 14, -1/90 HPs)
             Began as a Kobold Brigand on Oct 18, 2021.
             Was a Priest of Uskayaw.
             Slain by a dire elephant (19 damage)
             ... on level 6 of the Lair of Beasts on Oct 19, 2021.
             The game lasted 02:08:47 (25341 turns).

Urokeeper the Covert (Kobold Brigand)              Turns: 25341, Time: 02:08:48

Health: -1/90      AC: 16    Str: 12    XL:     14   Next: 50%
Magic:  8/8        EV: 27    Int: 12    God:    Uskayaw [***...]
Gold:   1021       SH: 13    Dex: 26    Spells: 13/13 levels left

rFire    . . .     SeeInvis .   u - +2 rapier (freeze)
rCold    . . .     Faith    .   m - +0 buckler
rNeg     . . .     Spirit   .   G - +3 steam dragon scales
rPois    .         Reflect  +   I - +0 helmet
rElec    +         Harm     .   c - +2 cloak
rCorr    +         Rampage  .   (no gloves)
Will     ++...                  r - +0 pair of boots
Stlth    ++++++++..             X - amulet of the Curious Nights {Reflect rElec Will+ SH+5 Stlth+}
HPRegen  0.25/turn              Y - +4 ring of evasion
MPRegen  0.11/turn              f - ring of Tikhad {+Blink rCorr MP-9 Str+2 Dex+6}

@: about to teleport, studying Throwing
A: small, no large weapons, nightstalker 3
a: Renounce Religion, Evoke Blink, Stomp, Line Pass


You were on level 6 of the Lair of Beasts.
You worshipped Uskayaw.
Uskayaw was noncommittal.
You visited 3 branches of the dungeon, and saw 18 of its levels.
You also visited: Ossuary and Ice Cave.

You collected 1021 gold pieces.

Inventory:

Hand Weapons
 j - a +2 dagger of holy wrath
 k - a +0 dagger of venom
 o - a +3 dagger of venom
 p - a +2 dagger of speed
 t - a +3 falchion
 u - a +2 rapier of freezing (weapon)
 S - a +0 long sword
Missiles
 d - 33 poisoned darts (quivered)
 i - a throwing net
 y - 9 atropa-tipped darts
 A - 16 datura-tipped darts
Armour
 c - a +2 cloak (worn)
 m - a +0 buckler (worn)
 r - a +0 pair of boots (worn)
 G - +3 steam dragon scales (worn)
 I - a +0 helmet (worn)
Jewellery
 a - an amulet of faith
 e - a ring of ice
 f - the ring of Tikhad (right hand) {+Blink rCorr MP-9 Str+2 Dex+6}
   (You found it on level 4 of the Lair of Beasts)

   [ring of dexterity]

   Str:       It affects your strength (+2).
   Dex:       It affects your dexterity (+6).
   MP:        It affects your magic capacity (-9).
   +Blink:    It lets you blink.
   rCorr:     It protects you from acid and corrosion.
 C - a ring of willpower
 P - a ring of resist corrosion
 T - a ring of ice
 X - the amulet of the Curious Nights (around neck) {Reflect rElec Will+ SH+5 Stlth+}
   (You acquired it on level 2 of the Lair of Beasts)

   [amulet of reflection]

   It reflects blocked missile attacks.
   rElec:     It insulates you from electricity.
   SH:        It affects your SH (+5).
   Will:      It increases your willpower.
   Stlth:     It makes you more stealthy.
 Y - a +4 ring of evasion (left hand)
 Z - a ring of positive energy
Wands
 B - a wand of acid (5)
 E - a wand of flame (40)
 K - a wand of iceblast (25)
Scrolls
 b - 3 scrolls of vulnerability
 g - 2 scrolls of fog
 h - a scroll of torment
 n - 3 scrolls of immolation
 D - 2 scrolls of magic mapping
 O - a scroll of fear
 Q - 3 scrolls of teleportation
Potions
 l - 5 potions of brilliance
 q - 2 potions of cancellation
 s - 3 potions of lignification
 v - 3 potions of ambrosia
 w - 2 potions of attraction
 M - 5 potions of curing
 N - a potion of mutation
 R - 3 potions of flight
 U - a potion of haste
Miscellaneous
 x - a phial of floods


   Skills:
 - Level 11.4 Fighting
 + Level 6.8(11.8) Short Blades
 - Level 10.1(10.4) Long Blades
 - Level 2.1 Throwing
 - Level 8.5 Armour
 - Level 8.6 Dodging
 - Level 13.0 Stealth
 * Level 6.5 Shields
 - Level 4.5 Invocations
 - Level 4.9 Evocations


You had 13 spell levels left.
You didn't know any spells.
Your spell library contained the following spells:

 Spells                   Type           Power      Damage    Failure   Level
 Shock                    Conj/Air       0%         1d3       32%         1
 Passwall                 Tmut/Erth      0%         N/A       45%         2
 Static Discharge         Conj/Air       0%         N/A       45%         2
 Conjure Flame            Conj/Fire      0%         6-21      69%         3
 Gell's Gravitas          Tloc           0%         N/A       69%         3
 Ignite Poison            Fire/Tmut/Pois 0%         N/A       69%         3
 Lesser Beckoning         Tloc           0%         N/A       69%         3
 Mephitic Cloud           Conj/Pois/Air  0%         N/A       69%         3
 Swiftness                Air            0%         N/A       69%         3
 Teleport Other           Tloc           0%         N/A       69%         3
 Airstrike                Air            0%         N/A       97%         4
 Dispel Undead            Necr           0%         3d6       97%         4
 Hailstorm                Conj/Ice       0%         3d3       97%         4
 Ice Form                 Ice/Tmut       0%         N/A       97%         4
 Sticky Flame             Conj/Fire      0%         2d3       97%         4
 Summon Lightning Spire   Summ/Air       0%         N/A       97%         4
 Bolt of Magma            Conj/Fire/Erth 0%         4d4       100%        5
 Freezing Cloud           Conj/Ice/Air   0%         6-21      100%        5
 Lightning Bolt           Conj/Air       0%         1d11      100%        5
 Summon Forest            Summ/Tloc      0%         N/A       100%        5
 Dispersal                Tloc           0%         N/A       100%        6
 Invisibility             Hex            0%         N/A       100%        6
 Simulacrum               Ice/Necr       0%         N/A       100%        6
 Storm Form               Tmut/Air       0%         N/A       100%        7
 Maxwell's Capacitive Co  Air            0%         ∞         100%        8


Dungeon Overview and Level Annotations

Branches:
Dungeon (11/15)            Temple (1/1) D:7            Lair (6/6) D:9
 Spider (0/4) Lair:4        Slime (0/5) Lair:5      Ossuary (visited)
  IceCv (visited)
  Swamp: Lair:2-4    Shoals: Lair:2-4       Orc: D:9-12

Altars:
Ashenzari
Cheibriados
Dithmenos
Elyvilon
Fedhas
Gozag
Hepliaklqana
Kikubaaqudgha
Makhleb
Nemelex Xobeh
Okawaru
Qazlal
Ru
Sif Muna
Trog
Uskayaw
Vehumet
Wu Jian
Xom
Yredelemnul
Zin
The Shining One
Jiyva

Shops:
D:4 (   D:10 *

Portals:
Trove: D:10 (give 12 potions of heal wounds)

Annotations:
Lair:4 exclusion: downstairs


Innate Abilities, Weirdness & Mutations

You are small and have problems with some larger weapons.
You are completely attuned to the shadows.


Message History

You barely miss the dire elephant.
The dire elephant is lightly wounded.
The dire elephant tramples you!
You hold your ground!
You block the dire elephant's attack.
You hit the dire elephant but do no damage.
The dire elephant is lightly wounded.
You hit the dire elephant. You freeze the dire elephant.
The dire elephant is lightly wounded.
The dire elephant misses you. You block the dire elephant's attack.
You hit the dire elephant but do no damage.
The dire elephant is lightly wounded.
You barely miss the dire elephant.
The dire elephant is lightly wounded.
You hit the dire elephant. You freeze the dire elephant.
The dire elephant is lightly wounded.
The dire elephant misses you.
The dire elephant trunk-slaps you but does no damage.
You hit the dire elephant but do no damage.
The dire elephant is lightly wounded.
The dire elephant is no longer moving slowly.
You hit the dire elephant but do no damage.
The dire elephant is lightly wounded.
The dire elephant tramples you!!
You hold your ground!
You block the dire elephant's attack.
You hit the dire elephant but do no damage.
The dire elephant is lightly wounded.
The dire elephant misses you.
The dire elephant completely misses you.
As you read the scroll of fear, it crumbles to dust.
You assume a fearsome visage.
The dire elephant resists with some effort.
The withered plant is unaffected. x2
The dire elephant resists with almost no effort.
The dire elephant tramples you!!
* * * LOW HITPOINT WARNING * * *
You hold your ground!
The dire elephant trunk-slaps you.
* * * LOW HITPOINT WARNING * * *
As you read the scroll of teleportation, it crumbles to dust.
You feel strangely unstable. The dire elephant tramples you!!
You die...

**♣....### *,.......##
**,........### **,,.#P.......#
**,***###''#'Y#########**##* ####
*,** #8..#....8##.≈≈##8PP,
#..##*** #..Y#...Y.'..≈≈≈'...,
....# #.#Y####.8#.{≈≈≈'..., ....#
*****#+#P@.P####.≈≈≈≈#8... ....#
*8,,,,,####....#≈≈≈≈P##### ....#
*,,,,,,* ####.###≈.###8.8 ....##
*8,,,,,*#♣♣♣##P..#####8.⌠.
.....##******##♣....###..........
......♣######♣.......♣########'''
.................................
.................................
.................................


You could see 2 dire elephants.

Vanquished Creatures
  A dire elephant (Lair:6)
  A boulder beetle (Lair:5)
  3 hydras
  A two-headed ogre (D:6)
  4 death yaks (Lair:6)
  Nergalle (D:10)
  A spectral death yak (Lair:6)
  A spectral anaconda (Lair:6)
  2 necromancers (Lair:6)
  2 ugly things
  An ice statue (IceCv)
  A gargoyle (D:11)
  5 elephants (Lair:6)
  5 black mambas
  Maggie (D:8)
  10 cane toads
  9 komodo dragons
  A freezing wraith (IceCv)
  4 rime drakes
  2 ice devils (IceCv)
  2 polar bears
  A hornet (D:9)
  A jumping spider (Lair:4)
  Prince Ribbit (D:8)
  A spectral elephant (Lair:6)
  Grinder (D:5)
  11 dream sheep (Lair:6)
  10 blink frogs
  A meliai zombie (D:9)
  3 redbacks (Lair:4)
  3 wyverns
  5 basilisks
  26 yaks
  A swamp worm (Lair:2)
  2 death yak simulacra (Lair:6)
  3 spectral cane toads (Lair:6)
  22 water moccasins
  Duvessa (D:5)
  2 necrophages
  3 orc warriors
  A sky beast (D:6)
  2 elephant zombies (Lair:6)
  An ice beast (D:6)
  A centaur (D:5)
  11 wolves
  A phantom (D:7)
  3 kobold brigands
  A wyvern zombie (D:9)
  12 bullfrogs
  5 two-headed ogre simulacra (IceCv)
  6 scorpions
  Dowan (D:5)
  4 cane toad simulacra (IceCv)
  A wyvern skeleton (D:6)
  11 killer bees (D:10)
  3 elephant simulacra
  5 wights (D:10)
  6 howler monkeys
  A bullfrog zombie (D:7)
  3 centaur zombies
  2 hounds
  3 jellies
  2 bullfrog skeletons
  A centaur skeleton (D:7)
  6 orc priests
  A gnoll shaman (D:5)
  5 iguanas
  2 hell rats (Lair:5)
  17 orc wizards
  6 troll simulacra (IceCv)
  7 spriggan simulacra (IceCv)
  2 killer bee zombies
  A hound skeleton (D:5)
  3 mummies
  2 howler monkey zombies
  4 gnolls (D:5)
  4 naga simulacra (IceCv)
  9 adders
  11 river rats (Lair:5)
  9 white imps
  5 ufetubi
  2 adder skeletons (D:5)
  2 dart slugs
  28 orcs
  4 ball pythons
  3 endoplasms
  A giant cockroach (D:3)
  6 goblins
  11 hobgoblins
  7 quokkas
  3 bats
  8 frilled lizards (D:6)
  A jackal skeleton (D:4)
  25 kobolds
  3 rats
441 creatures vanquished.

Vanquished Creatures (others)
  A hobgoblin (D:3)
  A jackal (D:3)
  A ball python (D:3)
  A frilled lizard (D:3)
  51 fungi
  40 plants
  17 withered plants (Lair:6)
112 creatures vanquished.

Grand Total: 553 creatures vanquished

Notes
Turn   | Place    | Note
-------+----------+-------------------------------------------
     0 | D:1      | Urokeeper the Kobold Brigand began the quest for the Orb.
     0 | D:1      | Reached XP level 1. HP: 12/12 MP: 1/1
    74 | D:1      | Reached XP level 2. HP: 14/18 MP: 2/2
   416 | D:1      | Found a faded altar of an unknown god.
   533 | D:1      | Reached skill level 1 in Long Blades
   624 | D:1      | Reached XP level 3. HP: 22/22 MP: 3/3
  1044 | D:2      | Reached XP level 4. HP: 27/27 MP: 4/4
  1786 | D:3      | Found a broken altar of Ashenzari.
  1801 | D:3      | Reached skill level 6 in Stealth
  2026 | D:3      | Reached XP level 5. HP: 21/32 MP: 5/5
  3001 | D:4      | Found Geiffuwa's Antique Weapon Boutique.
  3042 | D:4      | Reached XP level 6. HP: 6/37 MP: 6/6
  3354 | D:4      | Found a sand-covered staircase.
  3359 | Ossuary  | Entered an ossuary
  3814 | D:4      | Found a burning altar of Makhleb.
  4564 | D:5      | Entered Level 5 of the Dungeon
  4570 | D:5      | Noticed Duvessa
  4611 | D:5      | Noticed Grinder
  4615 | D:4      | Reached XP level 7. HP: 26/42 MP: 7/7
  4960 | D:5      | Reached skill level 7 in Stealth
  5133 | D:5      | Noticed Dowan
  5204 | D:6      | Noticed a two-headed ogre
  5210 | D:6      | Killed a two-headed ogre
  5211 | D:6      | Reached skill level 5 in Fighting
  5211 | D:6      | Reached skill level 5 in Long Blades
  5211 | D:6      | Reached skill level 5 in Dodging
  5211 | D:6      | Reached skill level 8 in Stealth
  5211 | D:6      | Reached XP level 8. HP: 49/49 MP: 8/8
  5774 | D:6      | Reached XP level 9. HP: 43/54 MP: 9/9
  6920 | D:6      | Reached skill level 9 in Stealth
  7174 | D:6      | Got the Tome of Attacks and Displacement
  7970 | D:7      | Noticed a green ugly thing
  7972 | D:7      | Killed a green ugly thing
  8459 | D:7      | Found a staircase to the Ecumenical Temple.
  8480 | Temple   | Entered the Ecumenical Temple
  8537 | Temple   | Became a worshipper of Uskayaw the Reveller
  8590 | D:7      | Reached * piety under Uskayaw
  8601 | D:7      | Reached ** piety under Uskayaw
  9070 | D:8      | Reached *** piety under Uskayaw
  9071 | D:8      | Reached XP level 10. HP: 56/61 MP: 10/10
  9185 | D:8      | Reached skill level 10 in Stealth
  9470 | D:8      | Noticed Maggie
  9474 | D:8      | Noticed Prince Ribbit
  9717 | D:8      | Killed Maggie
  9718 | D:8      | Killed Prince Ribbit
  9718 | D:8      | Reached **** piety under Uskayaw
 10132 | D:8      | Found a stormy altar of Qazlal.
 10173 | D:8      | Found a shimmering blue altar of Sif Muna.
 10173 | D:8      | Found a white marble altar of Elyvilon.
 10173 | D:8      | Found a hazy altar of Hepliaklqana.
 10358 | D:8      | Found an ancient bone altar of Kikubaaqudgha.
 10705 | D:9      | Found an iron altar of Okawaru.
 10705 | D:9      | Noticed a brown ugly thing
 10826 | D:9      | Found a staircase to the Lair.
 11290 | D:5      | Killed Duvessa
 11310 | D:5      | Killed Dowan
 11567 | D:5      | Killed Grinder
 11582 | D:5      | Reached ***** piety under Uskayaw
 11618 | D:5      | Reached skill level 11 in Stealth
 12499 | D:9      | Killed a brown ugly thing
 12500 | D:9      | Reached XP level 11. HP: 68/68 MP: 11/11
 12593 | D:9      | Found an opulent altar of Gozag.
 12768 | D:10     | Entered Level 10 of the Dungeon
 12880 | D:10     | Found a portal to a secret trove of treasure.
 12999 | D:10     | Found Zin's Purification Station.
 13003 | D:10     | Found a glowing silver altar of Zin.
 13142 | D:10     | Reached skill level 1 in Armour
 13302 | D:10     | Noticed Nergalle
 14253 | D:10     | Killed Nergalle
 14502 | D:11     | Noticed a centaur warrior
 14504 | D:11     | Noticed a cyclops
 14646 | Lair:1   | Entered Level 1 of the Lair of Beasts
 14911 | Lair:1   | Reached skill level 12 in Stealth
 15391 | Lair:1   | Reached XP level 12. HP: 76/76 MP: 12/12
 16682 | Lair:2   | Identified a scroll of acquirement
 16683 | Lair:2   | Acquired the amulet of the Curious Nights {Reflect rElec
                  | Will+ SH+5 Stlth+}
 16839 | Lair:2   | Reached skill level 5 in Armour
 17115 | Lair:2   | Reached skill level 10 in Long Blades
 17193 | Lair:2   | Noticed a five-headed hydra
 17197 | Lair:2   | Killed a five-headed hydra
 17199 | Lair:2   | Noticed a six-headed hydra
 17624 | Lair:3   | Reached skill level 1 in Evocations
 17638 | Lair:3   | Reached skill level 1 in Invocations
 17887 | Lair:3   | Reached skill level 13 in Stealth
 18043 | Lair:3   | Noticed a catoblepas
 18150 | Lair:4   | Identified the ring of Tikhad {+Blink rCorr MP-9 Str+2
                  | Dex+6}
 18409 | Lair:4   | Found a hole to the Spider Nest.
 18509 | Lair:4   | Reached skill level 10 in Fighting
 18804 | Lair:4   | Reached XP level 13. HP: 80/82 MP: 1/15
 19772 | Lair:5   | Noticed a boulder beetle
 19795 | Lair:5   | Killed a boulder beetle
 20083 | Lair:5   | Reached ****** piety under Uskayaw
 20460 | Lair:5   | Found a viscous altar of Jiyva.
 20461 | Lair:5   | Found a staircase to the Slime Pits.
 20723 | Lair:6   | Entered Level 6 of the Lair of Beasts
 20746 | Lair:6   | Found a frozen archway.
 20804 | IceCv    | Entered an ice cave
 22509 | IceCv    | Noticed a reaper
 22519 | IceCv    | HP: 4/83 [harpy simulacrum (4)]
 23592 | Lair:6   | Reached skill level 1 in Shields
 23904 | Lair:6   | Noticed a four-headed hydra
 24348 | Lair:6   | Noticed a five-headed hydra
 24365 | Lair:6   | Killed a five-headed hydra
 24366 | Lair:6   | Reached XP level 14. HP: 90/90 MP: 3/17
 24575 | Lair:6   | Noticed a dire elephant
 24748 | Lair:6   | Reached skill level 5 in Short Blades
 24756 | Lair:6   | Reached skill level 5 in Shields
 25289 | Lair:6   | Noticed a dire elephant
 25289 | Lair:6   | Noticed a dire elephant
 25323 | Lair:6   | Killed a dire elephant
 25341 | Lair:6   | Slain by a dire elephant

Illustrated notes

Levels and vault maps discovered:
D:1:      lemuel_arrival_rhombus, layout_basic, basic_ecumenical_altar,
          minivault_25
D:2:      layout_rooms, hex_medium
D:3:      layout_loops_ring, mainiacjoe_overflow_concentric_impassable,
          lemuel_flame_loot_1
D:4:      cheibrodos_helix_gallery, layout_layer_cave,
          nicolae_overflow_crystal_walls, serial_shops, kennysheep_mini_moat,
          enter_ossuary_2
D:5:      layout_cave_pools, minivault_11, corexii_checkpoint_a, uniq_duvessa,
          uniq_grinder
D:6:      kennysheep_spiral_hall, layout_basic, minmay_lizard_king
D:7:      layout_loops_cross, minmay_temple_entry_waves,
          minmay_manual_monstrance
D:8:      layout_loops_ring, mainiacjoe_overflow_24_doors,
          mainiacjoe_overflow_alcove_4, gammafunk_temple_overflow_forgotten,
          uniq_prince_ribbit1, uniq_maggie
D:9:      layout_rooms, nicolae_gozag_seed_capital, old_standard_altar,
          lair_entry_dummy
D:10:     layout_loops_ring, zin_purify, nicolae_trove_entry_free_sample,
          eino_jars, uniq_nergalle
D:11:     layout_long_grid, serial_co_window_serial, co_window_corner_a,
          co_window_of_opportunity_a, co_window_corner_a, co_window_paths_b,
          co_window_paths_a, co_window_paths_b, co_window_of_opportunity_a,
          co_window_2corner, co_window_of_opportunity_c, co_window_2corner,
          co_window_paths_c, co_window_corner_b, co_window_corner_b,
          co_window_2corner, co_window_paths_d, glass_columns_c,
          glass_columns_b, glass_columns_a, glass_columns_b, glass_columns_c
Temple:   minmay_temple_bridge_abc
Lair:1:   layout_regular_city, chequers_serial_rivers_room_a
Lair:2:   layout_regular_city, palyth_hydra_swamp_entry,
          nicolae_volcano_entry_hallway, st_stairs_3
Lair:3:   layout_chaotic_city, chequers_serial_rivers_room_a,
          beast_lair_carwin_5
Lair:4:   layout_regular_city, nicolae_spider_entry_tight_spaces,
          infiniplex_staircase_pool_2, serial_bayou_shore_a
Lair:5:   layout_regular_city, dpeg_slime_entry_enclosed_altar,
          kennysheep_rathole
Lair:6:   due_jungle_book, layout_regular_city, portal_ice_cave_rime

Skill      XL: |  1  2  3  4  5  6  7  8  9 10 11 12 13 14 |
---------------+-------------------------------------------+-----
Long Blades    | 1 2 3 5 6 8 9 10 | 10.1
Dodging        | 2 3 5 7 8 |  8.6
Stealth        | 6 8 9 11 12 13 | 13.0
Fighting       | 3 5 6 8 9 10 11 | 11.4
Armour         | 4 6 8 |  8.5
Evocations     | 3 4 |  4.9
Invocations    | 2 4 |  4.5
Shields        | 3 6 |  6.5
Short Blades   | 3 6 |  6.8
Throwing       | |  2.1

Action                   |  1- 3 |  4- 6 |  7- 9 | 10-12 | 13-15 || total
-------------------------+-------+-------+-------+-------+-------++-------
Melee: Dagger            |    65 |   156 |   233 |       |       ||   454
       Rapier            |       |       |    61 |   719 |   636 ||  1416
       Falchion          |       |       |    31 |       |   184 ||   215
Throw: Dart              |       |       |     1 |    10 |     9 ||    20
Invok: Stomp             |       |       |       |     1 |       ||     1
       Line Pass         |       |       |       |       |     1 ||     1
Evoke: Wand              |       |     4 |     4 |    12 |    26 ||    46
  Use: Scroll            |     4 |     1 |     9 |    23 |     8 ||    45
       Potion            |       |     2 |     3 |     1 |     9 ||    15
 Stab: Sleeping          |    14 |    15 |    23 |    49 |    27 ||   128
       Paralysed         |       |     1 |     2 |    36 |    31 ||    70
       Distracted        |       |       |     1 |       |     7 ||     8
       Invisible         |       |       |       |       |     8 ||     8
Armor: Robe              |     6 |       |       |       |       ||     6
       Leather armour    |     7 |    27 |    56 |       |       ||    90
       Steam dragon scal |       |       |       |   131 |    94 ||   225
       Ring mail         |       |       |       |     7 |       ||     7
Dodge: Dodged            |    32 |    80 |   152 |   561 |   482 ||  1307
Block: Other             |       |       |       |    27 |    46 ||    73
       Buckler           |       |       |       |       |   220 ||   220
       Rpst.: Falchion   |       |       |     1 |       |    25 ||    26
